 Dungeon Crawl Stone Soup version 0.30-a0-586-g23e55c9e0a (webtiles) character file.

Game seed: 13713515989781836275

64 tilp the Covered (level 4, -1/40 HPs)
             Began as a Meteoran Fighter on Jan 3, 2023.
             Slain by a river rat (4 damage)
             ... in a sewer.
             The game lasted 00:02:31 (549 turns).

tilp the Covered (Meteoran Fighter)                  Turns: 549, Time: 00:02:31

Health: -1/40      AC:  9    Str: 14 (17) XL:     4   Next: 58%
Magic:  5/5        EV:  6    Int:  8 (9)  God:
Gold:   69         SH:  5    Dex: 13 (16) Spells: 3/3 levels left

rFire   . . .      SeeInvis .    a - +0 long sword
rCold   . . .      Faith    .    c - +0 buckler
rNeg    . . .      Spirit   .    i - +0 chain mail
rPois   .          Reflect  .    (no helmet)
rElec   .          Harm     .    (no cloak)
rCorr   .          Rampage  .    (no gloves)
Will    .....                    (no boots) Stlth
                                 (no amulet)
HPRegen 0.26/turn                (no ring)
MPRegen 0.09/turn                (no ring)

@: mighty, attractive, hasted, glowing, very quick
A: sense surroundings 1, otherworldly, glowing, explore regen
a: no special abilities


You were in a sewer.
You visited 1 branch of the dungeon, and saw 4 of its levels.
You also visited: Sewer.

You collected 69 gold pieces.

Inventory:

Hand Weapons
 a - a +0 long sword (weapon)
Missiles
 h - 4 stones (quivered)
Armour
 c - a +0 buckler (worn)
 i - a +0 chain mail (worn)
Scrolls
 b - 2 scrolls of amnesia {unknown}
 f - a scroll of blinking {unknown}
 k - a scroll of identify {unknown}
 m - a scroll of poison {unknown}
Potions
 j - a potion of attraction


   Skills:
 + Level 3.6 Fighting
 + Level 2.9 Long Blades
 - Level 4.0 Armour
 * Level 2.1 Dodging
 + Level 1.0 Stealth
 - Level 4.0 Shields


You had 3 spell levels left.
You didn't know any spells.
Your spell library was empty.

Dungeon Overview and Level Annotations

Branches:
Dungeon (4/15) Zot: 1888    Sewer (1/1) Zot: 517
 Temple: D:4-7

Altars:


Innate Abilities, Weirdness & Mutations

You passively map a small area around you.
You are easily found by Zot.
You glow in the dark.
You regain HP and MP as you explore.


Message History

You kill the river rat!
The river rat bites you.
* * * LOW HITPOINT WARNING * * *
The river rat bites you.
* * * LOW HITPOINT WARNING * * *
Training target 4.0 for Armour reached!
Training target 4.0 for Shields reached!
Your Armour skill increases to level 4!
Your Stealth skill increases to level 1!
Your Shields skill increases to level 4!
You enter the shallow water.
Moving in this stuff is going to be slow.
You block the river rat's attack. x2
You see here a river rat corpse.
Unknown command.
It was a potion of attraction.
You feel attractive to monsters. The river rat barely misses you.
You block the river rat's attack.
Unknown command.
It was a potion of curing.
You feel better.
The river rat twitches its whiskers.
The river rat bites you but does no damage.
The river rat bites you.
* * * LOW HITPOINT WARNING * * *
Unknown command.
The river rat attacks as you move away! You block the river rat's attack. x2
It was a potion of degeneration.
There was something very wrong with that liquid.
You feel weakened.
You feel dopey.
You feel clumsy. You block the river rat's attack.
The river rat bites you but does no damage.
Unknown command.
It was a potion of haste.
You feel yourself speed up. The river rat bites you.
* * * LOW HITPOINT WARNING * * *
You block the river rat's attack.
Unknown command.
You slash the river rat!
You kill the river rat!
The river rat bites you.
You die...

##~~~~.#
* ~
#≈≈≈~≈≈#
#≈≈≈~≈≈#
~~
#≈≈≈~≈≈#
~
#≈≈≈~≈≈#
#≈≈≈†≈≈#
#≈≈#r.≈#
*
#≈≈r≈≈≈#
#≈@~≈≈≈#
#≈≈~≈≈≈#
#≈≈#~≈≈#
#≈≈≈~≈≈#
#≈≈≈~≈≈#
~
#≈≈≈~≈≈#
#≈≈~≈≈≈#
~
#≈≈~≈≈≈#
##~~~~##


You could see a river rat and a rat.

Vanquished Creatures
  4 river rats
  An adder (D:4)
  A worm (D:2)
  An orc (D:4)
  3 endoplasms
  A giant cockroach (D:4)
  2 hobgoblins
  3 jackals (D:2)
  A quokka (D:1)
  3 ball pythons (D:4)
  A goblin (D:4)
  A kobold (D:2)
  4 rats
26 creatures vanquished.

Notes
Turn   | Place    | Note
-------+----------+-------------------------------------------
     0 | D:1      | tilp the Meteoran Fighter began the quest for the Orb.
     0 | D:1      | Reached XP level 1. HP: 19/19 MP: 2/2
    46 | D:1      | Reached XP level 2. HP: 23/26 MP: 3/3
   125 | D:2      | Reached skill level 1 in Dodging
   350 | D:4      | Reached XP level 3. HP: 31/31 MP: 4/4
   450 | D:4      | Reached XP level 4. HP: 13/38 MP: 5/5
   479 | D:4      | Found a glowing drain.
   488 | Sewer    | Entered a sewer
   541 | Sewer    | HP: 1/39 [river rat (5)]
   542 | Sewer    | Reached skill level 1 in Stealth
   548 | Sewer    | HP: 2/40 [river rat (5)]
   549 | Sewer    | Slain by a river rat

Illustrated notes

Levels and vault maps discovered:
D:1:      dpeg_arrival_tiny_f, layout_rooms, serial_bayou_pond_e
D:2:      layout_loops_ring, serial_bayou_pond_e, grunt_decor_cap, uniq_natasha
D:3:      layout_basic, kennysheep_generic_room_10, uniq_jessica
D:4:      layout_loops_corners, portal_sewer_entry_a, serial_park_tiny_pond,
          serial_bayou_pond_c, minmay_door_square
Sewer:    sewer_minmay_w

Skill      XL: |  1  2  3  4 |
---------------+-------------+-----
Dodging        | 1 2 |  2.1
Armour         | 4 |  4.0
Stealth        | 1 |  1.0
Shields        | 4 |  4.0
Fighting       | |  3.6
Long Blades    | |  2.9

Action                   |  1- 3 |  4- 6 || total
-------------------------+-------+-------++-------
Melee: Long sword        |    68 |    27 ||    95
Throw: Stone             |     1 |       ||     1
  Use: Potion            |       |     5 ||     5
Armor: Scale mail        |    21 |       ||    21
       Chain mail        |    21 |    24 ||    45
Dodge: Dodged            |    22 |    13 ||    35
Block: Buckler           |    12 |    22 ||    34

Table legend: (Time is in decaauts)
 A = Elapsed time spent in this place.
 B = Non-inter-level travel time spent in this place.
 C = Inter-level travel time spent in this place.
 D = Time resting spent in this place.
 E = Time spent auto-exploring this place.
 F = Levels seen in this place.
 G = Mean time per level.
                   A        B        C        D        E       F      G
               +--------+--------+--------+--------+--------+-----+--------+
         Total |    593 |    581 |     12 |      0 |      0 |   5 |  118.6 |
       Dungeon |    511 |    499 |     12 |      0 |      0 |   4 |  127.8 |
         Sewer |     81 |     81 |      0 |      0 |      0 |   1 |   81.0 |
               +--------+--------+--------+--------+--------+-----+--------+

Top non-repeatable levels by time:
     D:4: 190 daAuts
     D:2: 127 daAuts
     D:3: 125 daAuts
   Sewer: 81 daAuts
     D:1: 68 daAuts
